 Dungeon Crawl Stone Soup version 0.25.1-1-g288607f5aa (webtiles) character file.

Game seed: 9065021129358660580

21 DerDa the Grave Robber (level 2, -4/19 HPs)
             Began as a Mummy Necromancer on July 26, 2020.
             Slain by a phantom (8 damage)
             ... on level 1 of the Dungeon.
             The game lasted 00:03:43 (1141 turns).

DerDa the Grave Robber (Mummy Necromancer)          Turns: 1141, Time: 00:03:44

Health: -4/19      AC:  2    Str: 11    XL:     2   Next: 62%
Magic:  6/6        EV: 12    Int: 14    God:
Gold:   62         SH:  0    Dex: 12    Spells: 5/7 levels left

rFire    x . .     SeeInvis .   c - +0 club
rCold    + . .     Gourm    .   (no shield)
rNeg     + + +     Faith    .   a - +0 robe
rPois    ∞         Spirit   .   (no helmet)
rElec    .         Reflect  .   (no cloak)
rCorr    .         Harm     .   (no gloves)
MR       .....     Rnd*Tele +   (no boots)
Stlth    ++........             (no amulet)
HPRegen  0.06/turn              f - ring of teleportation (curse)
MPRegen  0.10/turn              (no ring)

@: no status effects
A: no food or potions, fire vulnerability, cold resistance 1, negative energy
resistance 3, torment resistance, unbreathing
a: no special abilities


You were on level 1 of the Dungeon.
You were not hungry.

You visited 1 branch of the dungeon, and saw 2 of its levels.

You collected 62 gold pieces.

Inventory:

Hand Weapons
 c - a +0 club (weapon)
Missiles
 b - 30 stones
 e - 15 poisoned darts (quivered)
 g - 5 atropa-tipped darts
 m - 26 bolts
 n - 8 sling bullets
Armour
 a - a +0 robe (worn)
Jewellery
 f - a cursed ring of teleportation (left hand)
Scrolls
 d - a scroll of identify {unknown}
 h - a scroll of blinking {unknown}
 i - a scroll of noise {unknown}
 j - a scroll of fog {unknown}
 k - a scroll of enchant weapon {unknown}
 l - a scroll of fear {unknown}


   Skills:
 - Level 1.5 Dodging
 - Level 1.5 Stealth
 * Level 3.4 Spellcasting
 * Level 4.4 Necromancy


You had 5 spell levels left.
You knew the following spells:

 Your Spells              Type           Power        Failure   Level  Hunger
a - Pain                  Necr           ##..         3%          1    N/A
b - Animate Skeleton      Necr           N/A          3%          1    N/A

Your spell library contained the following spells:

 Spells                   Type           Power        Failure   Level  Hunger
 Vampiric Draining        Necr           ##........   10%         3    N/A
 Animate Dead             Necr           N/A          32%         4    N/A
 Agony                    Necr           ##......     67%         5    N/A

Dungeon Overview and Level Annotations

Branches:
Dungeon (2/15)

Altars:

Annotations:
D:2 Sigmund


Innate Abilities, Weirdness & Mutations

You do not eat or drink.
Your flesh is vulnerable to fire.
You are immune to poison.
Your flesh is cold resistant. (rC+)
You are immune to negative energy. (rN+++)
You are immune to unholy pain and torment.
You can survive without breathing.


Message History

Sigmund points at you and mumbles some strange words.
You are confused.
In your confused state, you trip and fall back down the stairs.
Unknown command.
Sigmund screams, "I am the angel of ZOT!!!"
In your confused state, you trip and fall back down the stairs.
The phantom hits you.
A quokka comes into view.
Sigmund closely misses you.
Unknown command.
The phantom hits you!
* * * LOW HITPOINT WARNING * * *
You climb upwards.
You feel less confused.
There is a stone staircase leading down here.
Unknown command.
The phantom barely misses you.
The phantom blinks!
The phantom hits you!
You die...

#.#.#.##########...... #.#..>#
####### #########.###.#
##........[# #.## #.....#...##
#..# #.........# ##.#
#.....#...#####.###############
#............W..#..............
#.....)....###@.#...########..#
#...)......# #..#...#.⌠.b ##..
#..........# #..#..%#..oo#####.
######.....# #..#...#..oo#.#.8.
##########.#...#..oo#.'...
######### #...#...#.lo.#.'...
#.......# #.#.....#..oo#.#.8.
#.......# #.#.#...#..og#####.
#.......# #...#.%.#.⌠go ##..


You could see a phantom.

Vanquished Creatures
  3 bats (D:1)
  3 hobgoblins (D:1)
  5 kobolds (D:1)
  A ball python (D:1)
  2 frilled lizards (D:1)
  2 goblins
  3 rats (D:1)
19 creatures vanquished.

Notes
Turn   | Place    | Note
-------+----------+-------------------------------------------
     0 | D:1      | DerDa the Mummy Necromancer began the quest for the Orb.
     0 | D:1      | Reached XP level 1. HP: 13/13 MP: 4/4
   198 | D:1      | Reached XP level 2. HP: 5/19 MP: 0/6
   243 | D:1      | Learned a level 1 spell: Animate Skeleton
  1120 | D:2      | Noticed Sigmund
  1120 | D:2      | Noticed a phantom
  1141 | D:1      | Slain by a phantom

Illustrated notes

Levels and vault maps discovered:
D:1:      erik_arrival_cave_to_civilisation [erik_arrival_cave_to_temple],
          layout_basic
D:2:      layout_basic, uniq_sigmund, uniq_jessica

Skill      XL: |  1 |
---------------+----+-----
Spellcasting   | 3 |  3.4
Dodging        | |  1.5
Stealth        | |  1.5
Necromancy     | |  4.4

Action                   || total
-------------------------++-------
Melee: Club              ||     3
 Cast: Pain              ||    34
       Animate Skeleton  ||     2
Dodge: Dodged            ||    19
